 Dungeon Crawl Stone Soup version 0.31-a0-7-g5178367 (webtiles) character file.

Game seed: 11013924124023330344

90 Nithhogg the Trooper (level 4, -2/41 HPs)
             Began as a Hill Orc Fighter on May 5, 2023.
             Engulfed by a cloud of flame (28 damage)
             ... on level 3 of the Dungeon.
             The game lasted 00:05:38 (1706 turns).

Nithhogg the Trooper (Hill Orc Fighter)             Turns: 1706, Time: 00:05:38

Health: -2/41      AC:  7    Str: 20    XL:     4   Next: 56%
Magic:  5/5        EV:  9    Int:  8    God:
Gold:   123        SH:  0    Dex: 10    Spells: 3/3 levels left

rFire   . . .        a - +0 war axe
rCold   . . .        (no shield)
rNeg    . . .        b - +0 scale mail
rPois   .            (no helmet)
rElec   .            (no cloak)
rCorr   .            (no gloves)
SInv    .            (no boots)
Will    .....        l - amulet of faith Stlth
                     (no ring)
HPRegen 0.26/turn    (no ring)
MPRegen 0.09/turn

%: faith
@: no status effects
A: no striking features
a: no special abilities


You were on level 3 of the Dungeon.
You visited 1 branch of the dungeon, and saw 3 of its levels.

You collected 123 gold pieces.

Inventory:

Hand Weapons
 a - a +0 war axe (weapon)
Missiles
 o - 3 poisoned darts (quivered)
Armour
 b - a +0 scale mail (worn)
 c - a +0 buckler
 h - an orb of light
Jewellery
 e - a ring of wizardry
 l - an amulet of faith (around neck)
 m - a ring of protection from cold
Wands
 p - a wand of paralysis (11)
Scrolls
 f - a scroll of teleportation {unknown}
 j - a scroll of enchant weapon {unknown}
 n - 3 scrolls of identify {unknown}
 q - 2 scrolls of vulnerability {unknown}
Potions
 d - a potion of might
 g - 3 potions of haste {unknown}
 i - a potion of lignification {unknown}
 k - 2 potions of resistance {unknown}
 r - a potion of brilliance {unknown}
 s - a potion of flight {unknown}
 t - a potion of heal wounds {unknown}


   Skills:
 + Level 4.4 Fighting
 + Level 3.8 Axes
 + Level 4.0 Armour
 - Level 3.2 Shields
 + Level 2.5 Invocations


You had 3 spell levels left.
You didn't know any spells.
Your spell library was empty.

Dungeon Overview and Level Annotations

Branches:
Dungeon (3/15)

Altars:
Fedhas


Message History

The goblin shoots a sling bullet.
The sling bullet hits you.
A goblin is nearby!
The goblin unwields a +0 sling.
The goblin wields a +0 club.
The goblin hits you with a +0 club.
You closely miss the goblin. The goblin barely misses you.
You closely miss the goblin. The goblin hits you but does no damage.
The goblin closely misses you.
You closely miss the goblin. The goblin hits you but does no damage.
You closely miss the goblin. The goblin hits you with a +0 club.
You hit the goblin.
You kill the goblin!
No target in view!
No target in view!
No target in view!
Found a dagger.
Found a hand axe and 4 stones.
No target in view!
Key pressed, stopping explore.
No target in view!
No target in view!
Key pressed, stopping explore.
Key pressed, stopping explore.
There is a stone staircase leading up here.
You see here 5 stones.
Key pressed, stopping explore.
Key pressed, stopping explore.
Partly explored, can't reach some items and places.
Partly explored, can't reach some items and places.
No target in view!
No target in view!
Partly explored, can't reach some items and places.
Partly explored, can't reach some items and places.
No target in view!
Really walk into a travel-excluded area?
Really walk into that cloud of flame?
Okay, then.
You are engulfed in blazing flames.
You are engulfed in blazing flames.
Ouch! That really hurt!
You die...

......^# ##...............#
..<....#####..#####...#####.#
.......#.....## #○○.# #.#
.######..##### #§°☼# #.# ##
##...## #§§☼# #.#
####..#############...#####.#
#....#...#...#.§☼§.?)....§..#
#.###..........§°§...(..☼§..#
..##...........☼@°.....§☼○.##
####......<...#####...######
.###..........# §.§#
.........))...# . #
...(.#.......##
.##........### .##........#
.##..#.#...# .##........#


There were no monsters in sight!

Vanquished Creatures
  2 adders
  3 dart slugs
  7 orcs
  3 bats
  8 endoplasms
  5 goblins
  5 hobgoblins
  6 jackals
  3 ball pythons (D:1)
  A frilled lizard (D:3)
  6 kobolds (D:1)
  3 rats
52 creatures vanquished.

Notes
Turn   | Place    | Note
-------+----------+-------------------------------------------
     0 | D:1      | Nithhogg the Hill Orc Fighter began the quest for the Orb.
     0 | D:1      | Reached XP level 1. HP: 19/19 MP: 1/1
   108 | D:1      | Reached XP level 2. HP: 27/27 MP: 2/2
   136 | D:1      | Reached skill level 1 in Invocations
   188 | D:1      | Found a faded altar of an unknown god.
   209 | D:1      | You fall into a shaft and drop 1 floor!
   416 | D:1      | Reached XP level 3. HP: 32/33 MP: 4/4
   953 | D:3      | Reached XP level 4. HP: 39/40 MP: 5/5
  1248 | D:3      | Found a blossoming altar of Fedhas.
  1706 | D:3      | Engulfed by a cloud of flame

Illustrated notes

Levels and vault maps discovered:
D:1:      tarquinn_simple_flora_water_f, layout_rooms, basic_ecumenical_altar,
          minivault_24
D:2:      layout_basic, nrook_uturn
D:3:      layout_rooms, lemuel_tele_altar, serial_glass, glass_columns_b,
          glass_columns_b, glass_columns_c, glass_columns_a,
          minmay_misc_feat_alley, lemuel_flame_loot_1

Skill      XL: |  1  2  3  4 |
---------------+-------------+-----
Axes           | 3 |  3.8
Invocations    | 1 2 |  2.5
Fighting       | 4 |  4.4
Armour         | 4 |  4.0
Shields        | |  3.2

Action                     |  1- 3 |  4- 6 || total
---------------------------+-------+-------++-------
  Melee: War axe           |    94 |    53 ||   147
         Punch             |     2 |     1 ||     3
 Armour: Scale mail        |    56 |    36 ||    92
  Dodge: Dodged            |    49 |    29 ||    78

Table legend: (Time is in decaauts)
 A = Elapsed time spent in this place.
 B = Non-inter-level travel time spent in this place.
 C = Inter-level travel time spent in this place.
 D = Time resting spent in this place.
 E = Time spent auto-exploring this place.
 F = Levels seen in this place.
 G = Mean time per level.
                   A        B        C        D        E       F      G
               +--------+--------+--------+--------+--------+-----+--------+
         Total |   1754 |   1649 |    105 |      0 |   1257 |   3 |  584.7 |
       Dungeon |   1754 |   1649 |    105 |      0 |   1257 |   3 |  584.7 |
               +--------+--------+--------+--------+--------+-----+--------+

Top non-repeatable levels by time:
     D:3: 777 daAuts
     D:1: 504 daAuts
     D:2: 472 daAuts
